 Dungeon Crawl Stone Soup version 0.18.1-6-gd335043 (webtiles) character file.

406968 mistymad the Severer (level 22, 0/343 HPs)
             Began as a Minotaur Berserker on May 18, 2016.
             Was the Champion of Trog.
             Splashed by an acid blob's acid (4 damage)
             ... on level 5 of the Pits of Slime on May 19, 2016.
             The game lasted 04:02:50 (51981 turns).

mistymad the Severer (Minotaur Berserker)          Turns: 51981, Time: 04:02:50

Health: 0/343      AC: 15    Str: 33    XL:     22   Next: 39%
Magic:  36/36      EV: 22    Int: 11    God:    Trog [******]
Gold:   1925       SH: 16    Dex: 15    Spells: 0 memorised, 21 levels left

rFire  + + .     SeeInvis +     v - +12 broad axe of Grandeur {freeze, Int+7}
rCold  + + .     Gourm    +     L - +0 ice dragon armour of Lilacs {rElec rF- rC++ Regen+}
rNeg   . . .     Faith    .     f - +0 shield {reflect}
rPois  +         Spirit   .     (helmet unavailable)
rElec  +         Dismiss  .     A - +2 cloak of the Thief {+Fog Slay-2 SInv Stlth+}
rCorr  .         Reflect  +     m - +2 pair of gloves
SustAt .         Harm     .     i - +1 pair of boots
MR     +++++     Rnd*Rage +     U - amulet of Duasugair {Gourm rC- Slay+4}
Stlth  ..........               w - ring of Tuok {*Corrode rF+ MR+++ MP+9 Str+4}
                                V - ring of Layfakko {+Blink rPois rF+ MR+}

@: berserking, corroded, very slightly contaminated, hasted, very quick, almost
entirely resistant to hostile enchantments, extremely unstealthy
A: retaliatory headbutt, hooves 2, horns 3, rough black scales 1, berserk 1,
clumsy 1, cold resistance 1, fire resistance 1, low mp 1, mutation resistance 1,
regeneration 1, robust 1
a: Berserk, Trog's Hand, Brothers in Arms, Burn Spellbooks, Renounce Religion,
Evoke Blink, Evoke Fog
}: 2/15 runes: serpentine, barnacled


You were on level 5 of the Pits of Slime.
You worshipped Trog.
Trog was exalted by your worship.
You were not hungry.

You visited 9 branches of the dungeon, and saw 44 of its levels.
You also visited: Labyrinth, Bailey and Ice Cave.

You collected 4465 gold pieces.
You spent 2540 gold pieces at shops.

Inventory:

Hand Weapons
 v - the +12 broad axe of Grandeur (weapon) {freeze, Int+7}
   (Trog gifted it to you on level 1 of the Vaults)

   It has been specially enchanted to freeze those struck by it, causing extra
   injury to most foes and up to half again as much damage against particularly
   susceptible opponents.
   It can also slow down cold-blooded creatures.
   It affects your intelligence (+7).
Armour
 f - a +0 shield of reflection (worn)
 i - a +1 pair of boots (worn)
 m - a +2 pair of gloves (worn)
 A - the +2 cloak of the Thief (worn) {+Fog Slay-2 SInv Stlth+}
   (You bought it in a shop on level 1 of the Vaults)

   It affects your accuracy and damage with ranged weapons and melee attacks
   (-2).
   It lets you see invisible.
   It can be evoked to emit clouds of fog.
   It makes you more stealthy.
 L - the +0 ice dragon armour of Lilacs (worn) {rElec rF- rC++ Regen+}
   (You found it on level 3 of the Elven Halls)

   It makes you vulnerable to fire.
   It greatly protects you from cold.
   It insulates you from electricity.
   It increases your rate of regeneration.
Jewellery
 w - the ring of Tuok (right hand) {*Corrode rF+ MR+++ MP+9 Str+4}
   (You acquired it on level 1 of the Elven Halls)

   [ring of strength]

   It affects your strength (+4).
   It protects you from fire.
   It affects your resistance to hostile enchantments.
   It affects your magic capacity (+9).
   It may corrode you when you take damage.
 U - the amulet of Duasugair (around neck) {Gourm rC- Slay+4}
   (You took it off a deep elf mage on level 3 of the Elven Halls)

   [amulet of the gourmand]

   It allows you to eat raw meat even when not hungry.
   It affects your accuracy and damage with ranged weapons and melee attacks
   (+4).
   It makes you vulnerable to cold.
 V - the ring of Layfakko (left hand) {+Blink rPois rF+ MR+}
   (You found it on level 3 of the Lair of Beasts)

   [ring of poison resistance]

   It protects you from fire.
   It protects you from poison.
   It affects your resistance to hostile enchantments.
   It lets you blink.
Wands
 G - a wand of digging (0/24)
 O - a wand of heal wounds (4/9)
 Z - a wand of hasting (3/9)
Scrolls
 b - 11 scrolls of teleportation
 d - 21 scrolls of remove curse
 o - 3 scrolls of blinking
 q - 2 scrolls of fear
 B - 8 scrolls of enchant armour
 C - a scroll of magic mapping
 E - 12 scrolls of recharging
 J - a scroll of silence
 Q - 8 scrolls of fog
Potions
 e - 3 potions of resistance
 g - 19 potions of curing
 h - 10 potions of heal wounds
 k - 11 potions of flight
 n - 3 potions of haste
 u - 5 potions of agility
 z - 3 potions of magic
 H - 4 potions of cancellation
 N - a potion of cure mutation {unknown}
 S - 2 potions of invisibility
 Y - 3 potions of might
Miscellaneous
 r - a stone of tremors
 s - a sack of spiders {used: 3}
 t - a phial of floods (inert)
 y - a lamp of fire
 W - a fan of gales
Comestibles
 c - 24 bread rations
 j - 20 meat rations
 l - 19 beef jerkies
 p - 30 fruits
 P - 4 slices of pizza
 R - a royal jelly


   Skills:
 + Level 19.8 Fighting
 + Level 20.2 Axes
 + Level 19.2 Armour
 + Level 18.1 Dodging
 + Level 16.7 Shields
 + Level 13.4 Evocations


You had 21 spell levels left.
You didn't know any spells.

Dungeon Overview and Level Annotations

Branches:
Dungeon (15/15)            Temple (1/1) D:4            Lair (8/8) D:8
 Shoals (4/4) Lair:5        Snake (4/4) Lair:3        Slime (6/6) Lair:8
    Orc (2/2) D:10            Elf (3/3) Orc:2        Vaults (1/5) D:14
 Depths (0/5) D:15

Altars:
Ashenzari
Cheibriados
Dithmenos
Elyvilon
Fedhas
Gozag
Kikubaaqudgha
Makhleb
Nemelex Xobeh
Okawaru
Pakellas
Qazlal
Ru
Sif Muna
Trog
Vehumet
Xom
Yredelemnul
Zin
The Shining One
Beogh
Jiyva

Shops:
D:5 *   D:8 (   Orc:2 ![?:   Elf:2 [(   Vaults:1 *

Portals:
Pandemonium: Orc:2


Innate Abilities, Weirdness & Mutations

You reflexively headbutt those who attack you in melee.
You have a pair of large horns on your head.
You have hoof-like feet.
You are partially covered in rough black scales (AC +4, Dex -1).
You tend to lose your temper in combat.
You are clumsy. (Dex -2)
Your flesh is cold resistant.
Your flesh is heat resistant.
Your magical capacity is low (-10% MP).
You are somewhat resistant to further mutation.
Your natural rate of healing is unusually fast.
You are robust (+10% HP).


Message History

That felt strangely unrewarding.
You slash the death ooze! You freeze the death ooze.
The death ooze is heavily damaged.
You closely miss the azure jelly.
The azure jelly is lightly wounded.
You slash the acid blob! You freeze the acid blob.
Your hands burn!
* * * LOW HITPOINT WARNING * * *
The acid blob is moderately wounded.
You hit the death ooze. You freeze the death ooze.
The death ooze is heavily damaged.
You block the death ooze's attack. x2; You block the azure jelly's attack.
The azure jelly hits you.
* * * LOW HITPOINT WARNING * * *
The azure jelly freezes you! You resist.
* * * LOW HITPOINT WARNING * * *
The azure jelly hits you but does no damage. x2
You slice the azure jelly!! You freeze the azure jelly.
The azure jelly is heavily wounded.
You slice the acid blob!! You freeze the acid blob.
Your hands burn!
You die...

#........##......
##........#..#.#.#
#.................
#...........##.
#............##
##............#
#....<......#...
#......J...### ...
#.......@..# ..
##.....JJJ...... .
#..............#
##.............#
###....#.##....
#.....## #..#
..... ... ......
..


You could see an acid blob, an azure jelly and 2 death oozes.

Vanquished Creatures
  the Royal Jelly (Slime:6)
  Mara (Elf:3)
  Saint Roka (Snake:4)
  Nikola (Snake:2)
  A deep elf master archer (Elf:3)
  8 acid blobs
  2 deep elf blademasters
  The ghost of Moloch the Sensei, an adept DsFi of Okawaru (Elf:3)
  Agnes (Snake:2)
  Roxanne (Snake:3)
  Ilsuiw (Shoals:4)
  8 greater nagas (Snake:4)
  3 deep elf sorcerers
  Donald (Slime:1)
  5 azure jellies
  Louise (D:14)
  2 orc warlords
  Aizul (Snake:2)
  3 deep elf elementalists (Elf:3)
  3 vault wardens (Vaults:1)
  2 ironheart preservers (Vaults:1)
  3 deep elf demonologists
  Azrael (Snake:2)
  9 deep elf annihilators (Elf:3)
  6 merfolk javelineers
  Snorg (D:13)
  6 deep elf death magi
  7 death oozes (Slime:6)
  8 vault guards
  A yaktaur captain (Vaults:1)
  7 deep elf high priests
  13 merfolk impalers
  A fire dragon (Vaults:1)
  Josephine (Orc:1)
  A minotaur (Lab)
  An ice dragon (Lair:6)
  21 naga warriors
  A death knight (D:15)
  A catoblepas (Lair:8)
  10 anacondas
  3 hydras
  9 centaur warriors
  3 ogre magi
  An alligator snapping turtle (Shoals:4)
  2 merfolk avatars
  Erolcha (D:13)
  A deep troll earth mage (Vaults:1)
  29 dancing weapons
  6 death yaks (Lair:6)
  3 satyrs
  A merfolk aquamancer (Shoals:4)
  6 shock serpents
  Urug (D:10)
  7 naga sharpshooters
  5 orc high priests (Orc:2)
  17 deep elf knights
  Nergalle (D:12)
  3 salamander mystics
  A small abomination (Elf:3)
  3 deep trolls (Vaults:1)
  A giant orange brain (Vaults:1)
  13 sea snakes
  3 unseen horrors
  13 deep elf archers
  2 wizards (D:15)
  6 hill giants
  12 harpies
  2 wolf spider zombies
  2 wolf spiders (Vaults:1)
  A torturous demonspawn (Orc:2)
  10 naga ritualists
  A necromancer (Vaults:1)
  23 ugly things
  13 griffons
  8 orc knights
  59 deep elf magi
  A moth of wrath (shapeshifter) (Vaults:1)
  2 shining eyes
  9 cyclopes
  20 fauns
  8 orc sorcerers
  11 mana vipers
  22 salamanders
  A sixfirhy (Orc:2)
  A human skeleton (Vaults:1)
  36 black mambas
  15 elephants
  18 manticores
  Psyche (D:8)
  4 guardian serpents
  An eye of devastation (Slime:3)
  2 vault sentinels (Vaults:1)
  A rust devil (Orc:2)
  2 ice statues (IceCv)
  12 sirens
  A smoke demon (Orc:2)
  Maurice (D:8)
  2 centaur zombies
  4 centaur skeletons
  34 naga magi
  5 water nymphs
  10 spiny frogs
  An orange demon (Orc:2)
  4 rime drakes
  3 gargoyles
  A kobold demonologist (D:14)
  14 yaktaurs (Vaults:1)
  8 komodo dragons
  A tengu conjurer (D:14)
  8 ice devils
  3 spriggan druids (Lair:5)
  5 trolls
  4 wind drakes
  A troll (shapeshifter) (Elf:1)
  6 two-headed ogres
  5 polar bears
  34 merfolk
  2 boulder beetles (Lair:8)
  A harpy skeleton (D:15)
  8 snapping turtles
  46 slime creatures
  6 blink frogs
  The ghost of HungrySpirit the Changer, an amateur OpTm (D:4)
  A fire giant simulacrum (Vaults:1)
  A centaur simulacrum (D:15)
  A snapping turtle (shapeshifter) (Vaults:1)
  A spriggan (shapeshifter) (D:14)
  3 redbacks
  3 shadows
  24 spriggans
  A yak (shapeshifter) (Elf:1)
  2 wraiths
  6 wyverns
  Eustachio (D:4)
  4 air elementals
  A steam dragon (D:12)
  6 water elementals
  47 yaks
  3 basilisks
  A neqoxec (Orc:2)
  2 golden eyes (Slime:5)
  7 fire elementals
  2 hungry ghosts
  9 hippogriffs
  3 wargs (Orc:2)
  22 vampire mosquitoes
  An elf skeleton (Vaults:1)
  A mottled dragon (D:14)
  59 nagas
  A soldier ant (D:13)
  14 water moccasins
  A giant eyeball (Slime:4)
  3 hell hounds
  6 porcupines
  2 eyes of draining
  3 ice beasts
  52 orc warriors
  4 sky beasts
  10 wasps
  6 black bears
  A phantom (D:6)
  5 boggarts (Vaults:1)
  18 ogres
  30 wolves
  15 centaurs
  13 crocodiles
  3 big kobolds
  21 giant frogs
  5 earth elementals
  A scorpion (D:6)
  A boulder beetle zombie (Vaults:1)
  7 wights
  A vampire bat (Orc:1)
  An electric eel (Elf:3)
  7 crimson imps
  2 giant frog zombies
  21 jellies
  5 hounds
  8 orc wizards
  A quasit (D:15)
  32 orc priests
  A giant frog skeleton (D:9)
  8 iguanas
  3 worker ants
  A boulder beetle simulacrum (Vaults:1)
  26 sheep
  A hound skeleton (D:9)
  2 worker ant zombies
  7 gnolls
  A howler monkey skeleton (D:7)
  13 adders
  26 river rats
  3 shadow imps
  3 white imps (IceCv)
  An ufetubus (IceCv)
  An ooze (D:4)
  2 adder zombies
  5 worms
  6 giant geckos
  104 orcs
  5 ball pythons
  9 giant cockroaches
  8 goblins
  7 hobgoblins
  8 jackals
  19 kobolds
  5 quokkas
  13 bats
  A giant gecko zombie (D:8)
  9 giant newts
  2 quokka skeletons
  7 rats
  A bush (Lair:2)
  A butterfly (D:4)
  7 fungi
  16 plants
1649 creatures vanquished.

Vanquished Creatures (collateral kills)
  Vashnia (Snake:2)
  A deep elf annihilator (Elf:3)
  3 hydras
  A deep elf high priest (Elf:3)
  An orc high priest (Orc:2)
  A naga sharpshooter (Snake:2)
  A putrid demonspawn (Orc:2)
  A torturous demonspawn (Orc:2)
  An orange crystal statue (Elf:3)
  An orc sorcerer (Orc:2)
  An ice devil (IceCv)
  2 wraiths (Orc:1)
  A water moccasin (Lair:7)
  5 orc warriors
  5 orc wizards (Orc:1)
  5 white imps (IceCv)
  An ufetubus (IceCv)
  8 orcs
40 creatures vanquished.

Vanquished Creatures (others)
  A deep elf elementalist (Elf:3)
  Nessos (D:15)
  2 merfolk javelineers
  3 naga sharpshooters
  4 deep elf archers
  An orc knight (Orc:2)
  An ugly thing (D:15)
  A deep elf mage (Elf:3)
  A yaktaur (D:14)
  A naga (Snake:2)
  3 centaurs
  4 white imps (IceCv)
  3 ufetubi (IceCv)
  3 fungi (Lair:8)
  5 plants
34 creatures vanquished.

Grand Total: 1723 creatures vanquished

Notes
Turn   | Place    | Note
--------------------------------------------------------------
     0 | D:1      | mistymad the Minotaur Berserker began the quest for the Orb.
     0 | D:1      | Reached XP level 1. HP: 19/19 MP: 0/0
   284 | D:1      | Reached skill level 4 in Axes
   389 | D:1      | Reached XP level 2. HP: 27/27 MP: 1/1
   942 | D:1      | Reached XP level 3. HP: 33/33 MP: 2/2
  1274 | D:2      | Reached ** piety under Trog
  2306 | D:3      | Noticed a centaur
  2316 | D:3      | Reached XP level 4. HP: 40/40 MP: 3/3
  2325 | D:3      | Killed a centaur
  2325 | D:3      | Reached skill level 5 in Axes
  2325 | D:3      | Reached XP level 5. HP: 47/47 MP: 4/4
  2369 | D:3      | Found an iron altar of Okawaru.
  2714 | D:4      | Noticed an orc warrior
  2728 | D:4      | Killed an orc warrior
  2732 | D:4      | Reached skill level 6 in Axes
  2732 | D:4      | Reached XP level 6. HP: 28/53 MP: 5/5
  2734 | D:4      | Noticed HungrySpirit's ghost (amateur OpTm)
  2759 | D:4      | HP: 2/55 [HungrySpirit's ghost (2)]
  3060 | D:4      | Killed HungrySpirit's ghost
  3060 | D:4      | Reached skill level 5 in Fighting
  3179 | D:4      | Reached XP level 7. HP: 61/61 MP: 6/6
  3182 | D:4      | Reached skill level 7 in Axes
  3310 | D:4      | Noticed Eustachio
  3311 | D:4      | Found a staircase to the Ecumenical Temple.
  3324 | D:4      | Killed Eustachio
  3343 | Temple   | Entered the Ecumenical Temple
  3811 | D:4      | Reached *** piety under Trog
  3811 | D:4      | Reached skill level 5 in Armour
  3927 | D:5      | Entered Level 5 of the Dungeon
  3930 | D:5      | Found Zin's Purification Station.
  3937 | D:5      | Found a glowing silver altar of Zin.
  4160 | D:5      | Reached skill level 5 in Dodging
  4669 | D:6      | Reached XP level 8. HP: 63/70 MP: 7/7
  4989 | D:6      | Reached skill level 8 in Axes
  4993 | D:6      | Gained mutation: You are dopey. (Int -2) [mutagenic meat]
  4994 | D:6      | Gained mutation: You are clumsy. (Dex -2) [mutagenic meat]
  4995 | D:6      | Gained mutation: You have a pair of large horns on your head. [mutagenic meat]
  4996 | D:6      | Gained mutation: You are partially covered in rough black scales (AC +4, Dex -1). [mutagenic meat]
  4997 | D:6      | Gained mutation: Your natural rate of healing is unusually fast. [mutagenic meat]
  4998 | D:6      | Lost mutation: You are dopey. (Int -2) [mutagenic meat]
  5272 | D:6      | Reached **** piety under Trog
  5656 | D:7      | Reached skill level 9 in Axes
  5860 | D:7      | Found an oddly glowing altar of Pakellas.
  5920 | D:7      | Reached XP level 9. HP: 75/80 MP: 8/8
  6111 | D:7      | Found a snail-covered altar of Cheibriados.
  6650 | D:8      | Found Ukla's Antique Weapon Shop.
  6686 | D:8      | Received a gift from Trog
  6712 | D:8      | Noticed Psyche
  6720 | D:8      | Killed Psyche
  6786 | D:8      | Bought a crude war axe for 272 gold pieces
  6787 | D:8      | Identified the cursed +2 war axe "Xetsibb" {drain, +Inv} (You bought it in a shop on level 8 of the Dungeon)
  7005 | D:8      | Noticed Maurice
  7014 | D:8      | Killed Maurice
  7014 | D:8      | Reached skill level 10 in Axes
  7185 | D:8      | Found a staircase to the Lair.
  7220 | D:8      | Reached XP level 10. HP: 91/91 MP: 9/9
  7354 | D:8      | Found a white marble altar of Elyvilon.
  7354 | D:8      | Found an ancient bone altar of Kikubaaqudgha.
  7956 | D:9      | Noticed a manticore
  7966 | D:9      | Killed a manticore
  8280 | D:9      | Noticed a manticore
  8287 | D:9      | Killed a manticore
  8403 | D:9      | Reached ***** piety under Trog
  8408 | D:9      | Noticed a cyan ugly thing
  8429 | D:9      | Killed a cyan ugly thing
  8429 | D:9      | Reached skill level 10 in Fighting
  8498 | D:9      | Gained mutation: Your body sometimes deteriorates upon taking damage. [mutagenic meat]
  8548 | D:9      | Reached skill level 11 in Axes
  8799 | D:10     | Entered Level 10 of the Dungeon
  8891 | D:10     | Noticed an orc knight
  8919 | D:10     | Killed an orc knight
  9225 | D:10     | Reached skill level 10 in Armour
  9284 | D:10     | Found a staircase to the Orcish Mines.
  9289 | D:10     | Found a roughly hewn altar of Beogh.
  9380 | D:10     | Noticed Urug
  9394 | D:10     | Killed Urug
  9394 | D:10     | Reached XP level 11. HP: 94/101 MP: 10/10
  9848 | Lair:1   | Entered Level 1 of the Lair of Beasts
 11030 | Lair:2   | Reached skill level 12 in Axes
 11360 | Lair:2   | Reached skill level 10 in Dodging
 12067 | Lair:3   | Found a staircase to the Snake Pit.
 12319 | Lair:3   | Noticed a griffon
 12320 | Lair:3   | Noticed a four-headed hydra
 12329 | Lair:3   | Killed a seven-headed hydra
 12331 | Lair:3   | Killed a griffon
 12408 | Lair:3   | Got a clouded ivory ring
 12415 | Lair:3   | Identified the ring of Layfakko {+Blink rPois rF+ MR+} (You found it on level 3 of the Lair of Beasts)
 12570 | Lair:3   | Reached XP level 12. HP: 95/112 MP: 11/11
 13229 | Lair:4   | Reached skill level 13 in Axes
 13764 | Lair:5   | Reached skill level 1 in Evocations
 14167 | Lair:5   | Found a staircase to the Shoals.
 14331 | Lair:5   | Reached ****** piety under Trog
 14713 | Lair:5   | Reached skill level 1 in Shields
 14726 | Lair:5   | Received a gift from Trog
 15256 | Lair:5   | Reached XP level 13. HP: 107/119 MP: 14/14
 15614 | Lair:6   | Reached skill level 14 in Axes
 15984 | Lair:6   | Found a frozen archway.
 16004 | IceCv    | Entered an ice cave
 17057 | Lair:7   | Reached skill level 5 in Shields
 17075 | Lair:8   | Entered Level 8 of the Lair of Beasts
 17419 | D:8      | Bought a slimy war axe for 272 gold pieces
 17423 | D:8      | Identified the +1 war axe of the Shoals {flame, *Noise rElec rPois} (You bought it in a shop on level 8 of the Dungeon)
 17956 | Lair:7   | Received a gift from Trog
 18037 | Lair:7   | Reached skill level 5 in Evocations
 18669 | Lair:8   | Got a shimmering falchion
 18670 | Lair:8   | Identified the +8 falchion of Prudence {elec, rF+ rC+} (You found it on level 8 of the Lair of Beasts)
 18886 | Lair:8   | Reached XP level 14. HP: 130/130 MP: 16/16
 18989 | Lair:8   | Received a gift from Trog
 19169 | Lair:8   | Got a slimy arbalest {god gift}
 19379 | Lair:8   | Found a viscous altar of Jiyva.
 19379 | Lair:8   | Found a staircase to the Slime Pits.
 20872 | Orc:1    | Entered Level 1 of the Orcish Mines
 20939 | Orc:1    | Noticed an orc warlord
 20942 | Orc:1    | Noticed Josephine
 20951 | Orc:1    | Killed Josephine
 20954 | Orc:1    | Killed an orc warlord
 21058 | Orc:1    | Found a roughly hewn altar of Beogh.
 21203 | Orc:1    | Received a gift from Trog
 21379 | Orc:2    | Entered Level 2 of the Orcish Mines
 21492 | Orc:2    | Found a labyrinth entrance.
 21534 | Lab      | Entered a labyrinth
 21558 | Lab      | Reached skill level 15 in Axes
 21888 | Lab      | Got a warped pewter amulet
 21900 | Lab      | Identified Ymabrale's Further Progress in Spellcasting
 21947 | Orc:2    | Found Qickiaru's Distillery.
 21955 | Orc:2    | Found Pogeghak's Magic Scroll Shop.
 22079 | Orc:2    | Noticed an orc warlord
 22088 | Orc:2    | Killed an orc warlord
 22441 | Orc:2    | Reached XP level 15. HP: 139/139 MP: 18/18
 22445 | Orc:2    | Found Ononihom's Antique Armour Emporium.
 22445 | Orc:2    | Found Buufu's Book Shoppe.
 22446 | Orc:2    | Found a one-way gate leading to the halls of Pandemonium.
 22462 | Orc:2    | Bought a runed shield for 103 gold pieces
 22477 | Orc:2    | Identified the amulet of Xuodgh {Harm *Drain Str+2} (You took it off a minotaur in a labyrinth)
 22534 | Orc:2    | Bought a potion of curing for 48 gold pieces
 22534 | Orc:2    | Bought a potion of heal wounds for 80 gold pieces
 22534 | Orc:2    | Bought a potion of might for 64 gold pieces
 22534 | Orc:2    | Bought a potion of flight for 48 gold pieces
 22895 | Orc:2    | Found a staircase to the Elven Halls.
 23264 | Snake:1  | Entered Level 1 of the Snake Pit
 23264 | Snake:1  | Found a blossoming altar of Fedhas.
 23389 | Snake:1  | Received a gift from Trog
 23820 | Snake:1  | You fall through a shaft!
 24035 | Snake:2  | Noticed Vashnia
 24061 | Snake:2  | Killed Vashnia
 24300 | Snake:2  | Reached skill level 15 in Fighting
 24373 | Snake:2  | Found a radiant altar of Vehumet.
 24429 | Snake:2  | Noticed Aizul
 24439 | Snake:2  | Killed Aizul
 24444 | Snake:2  | Gained mutation: You expend magic power (3 MP) to strengthen your wands. [mutagenic meat]
 24445 | Snake:2  | Gained mutation: Scrolls take you a little longer to read. [mutagenic meat]
 24447 | Snake:2  | Gained mutation: You have large cloven feet. [mutagenic meat]
 24505 | Snake:2  | Noticed Azrael
 24517 | Snake:2  | Killed Azrael
 24521 | Snake:2  | Noticed Nikola
 24549 | Snake:2  | Noticed Agnes
 24554 | Snake:2  | Killed Nikola
 24566 | Snake:2  | Killed Agnes
 24958 | Snake:2  | Reached skill level 10 in Shields
 25428 | Snake:2  | Reached skill level 16 in Axes
 25748 | Snake:1  | Reached skill level 15 in Armour
 26364 | Snake:3  | Reached XP level 16. HP: 119/149 MP: 21/21
 26367 | Snake:3  | Received a gift from Trog
 27142 | Snake:3  | Noticed Roxanne
 27179 | Snake:3  | Killed Roxanne
 27291 | Snake:3  | Identified Roxanne's Almanac of Earth (You took it off Roxanne on level 3 of the Snake Pit)
 27579 | Snake:4  | Entered Level 4 of the Snake Pit
 27644 | Snake:4  | Received a gift from Trog
 27685 | Snake:4  | Gained mutation: You tend to lose your temper in combat. [mutagenic meat]
 27687 | Snake:4  | Lost mutation: Scrolls take you a little longer to read. [mutagenic meat]
 28953 | Snake:4  | Received a gift from Trog
 29160 | Snake:4  | Reached skill level 17 in Axes
 29166 | Snake:4  | Reached XP level 17. HP: 131/158 MP: 23/23
 29196 | Snake:4  | Reached skill level 15 in Dodging
 29471 | Snake:4  | Noticed Saint Roka
 29492 | Snake:4  | Killed Saint Roka
 29653 | Snake:4  | Received a gift from Trog
 30122 | Snake:4  | Got a serpentine rune of Zot
 30747 | D:11     | Reached skill level 10 in Evocations
 31004 | D:11     | Received a gift from Trog
 31471 | D:12     | Noticed Nergalle
 31478 | D:12     | Killed Nergalle
 31871 | D:13     | Noticed Snorg
 31878 | D:13     | Killed Snorg
 31933 | D:13     | Noticed Erolcha
 31939 | D:13     | Killed Erolcha
 32136 | D:13     | Found a flagged portal.
 32162 | Bailey   | Entered a bailey
 32406 | Bailey   | Received a gift from Trog
 33985 | D:14     | Gained mutation: You are very clumsy. (Dex -4) [mutagenic meat]
 33987 | D:14     | Lost mutation: Your body sometimes deteriorates upon taking damage. [mutagenic meat]
 33988 | D:14     | Gained mutation: You are frail (-10% HP). [mutagenic meat]
 33991 | D:14     | Gained mutation: You have hoof-like feet. [mutagenic meat]
 33993 | D:14     | Gained mutation: Your magical capacity is low (-10% MP). [mutagenic meat]
 33995 | D:14     | Lost mutation: You are frail (-10% HP). [mutagenic meat]
 33996 | D:14     | Lost mutation: You expend magic power (3 MP) to strengthen your wands. [mutagenic meat]
 34068 | D:14     | Noticed Louise
 34111 | D:14     | Killed Louise
 34230 | D:14     | Found a gate to the Vaults.
 34350 | D:14     | Gained mutation: Your flesh is cold resistant. [mutagenic meat]
 34351 | D:14     | Gained mutation: You are robust (+10% HP). [mutagenic meat]
 34353 | D:14     | Gained mutation: Your body sometimes deteriorates upon taking damage. [mutagenic meat]
 34747 | D:14     | Reached XP level 18. HP: 184/184 MP: 22/22
 34956 | D:15     | Entered Level 15 of the Dungeon
 35134 | D:15     | Received a gift from Trog
 35159 | D:15     | Noticed Nessos
 35180 | D:15     | Killed Nessos
 35239 | D:15     | Lost mutation: Your body sometimes deteriorates upon taking damage. [mutagenic meat]
 35240 | D:15     | Gained mutation: Your flesh is heat resistant. [mutagenic meat]
 35444 | D:15     | Reached skill level 18 in Axes
 35791 | D:15     | Found a staircase to the Depths.
 36152 | Shoals:1 | Entered Level 1 of the Shoals
 37263 | Shoals:2 | Received a gift from Trog
 38533 | Shoals:3 | Received a gift from Trog
 39727 | Shoals:3 | Received a gift from Trog
 39901 | Shoals:4 | Entered Level 4 of the Shoals
 40444 | Shoals:4 | Reached XP level 19. HP: 158/196 MP: 23/23
 40641 | Shoals:4 | Got a barnacled rune of Zot
 40799 | Shoals:4 | Noticed Ilsuiw
 40875 | Shoals:4 | Killed Ilsuiw
 41193 | Shoals:4 | Received a gift from Trog
 41306 | Shoals:4 | Identified Jaomuat's Disquisition on Flying Transmigration (You found it on level 4 of the Shoals)
 41899 | Elf:1    | Entered Level 1 of the Elven Halls
 42657 | Elf:1    | Reached skill level 19 in Axes
 42941 | Elf:1    | Received a gift from Trog
 43707 | Elf:1    | Identified a scroll of acquirement
 43712 | Elf:1    | Got a wavering ivory ring
 43714 | Elf:1    | Identified the ring of Tuok {*Corrode rF+ MR+++ MP+9 Str+4} (You acquired it on level 1 of the Elven Halls)
 43881 | Elf:2    | Found Lauczu's Antique Weapon Shoppe.
 43990 | Elf:2    | Found Ytsiud's Armour Shoppe.
 44107 | Elf:2    | Reached skill level 15 in Shields
 44751 | Elf:2    | Found a huge runed gate.
 44751 | Elf:2    | Found a huge runed gate.
 44751 | Elf:2    | Found a huge runed gate.
 44751 | Elf:2    | Found a huge runed gate.
 44751 | Elf:2    | Found a huge runed gate.
 45362 | Elf:2    | Reached XP level 20. HP: 207/207 MP: 25/25
 45774 | Elf:3    | Entered Level 3 of the Elven Halls
 45793 | Elf:3    | Lost intelligence.
 45963 | Elf:3    | Noticed Moloch's ghost (adept DsFi)
 45987 | Elf:3    | Killed Moloch's ghost
 46271 | Elf:3    | Received a gift from Trog
 46687 | Elf:3    | Noticed Mara
 46710 | Elf:3    | Noticed mistymad's illusion
 46730 | Elf:3    | Killed Mara
 47386 | Elf:3    | Got a sparkling graven amulet
 47595 | Elf:3    | Identified the amulet of Duasugair {Gourm rC- Slay+4} (You took it off a deep elf mage on level 3 of the Elven Halls)
 47721 | Elf:3    | Received a gift from Trog
 48012 | Elf:3    | Got an amber-encrusted ice dragon armour
 48023 | Elf:3    | Identified the cursed +0 ice dragon armour of Lilacs {rElec rF- rC++ Regen+} (You found it on level 3 of the Elven Halls)
 48096 | Elf:3    | Identified Sif Muna's Grimoire of Companions (You found it on level 3 of the Elven Halls)
 48278 | Elf:3    | Got a twisted chain mail
 48296 | Elf:3    | Identified the +1 chain mail of Dann {Str+4 Dex+4 SInv} (You found it on level 3 of the Elven Halls)
 48315 | Elf:3    | Reached XP level 21. HP: 217/217 MP: 26/26
 48948 | Vaults:1 | Entered Level 1 of the Vaults
 49385 | Vaults:1 | Received a gift from Trog
 49444 | Vaults:1 | Got a vibrating pewter ring
 49451 | Vaults:1 | Got a crude broad axe {god gift}
 49454 | Vaults:1 | Identified the +12 broad axe of Grandeur {freeze, Int+7} (Trog gifted it to you on level 1 of the Vaults)
 49573 | Vaults:1 | Identified the Collected Works on Flight and Translocation
 49618 | Vaults:1 | Gained mutation: You are somewhat resistant to further mutation. [mutagenic meat]
 49758 | Vaults:1 | Lost mutation: You are very clumsy. (Dex -4) [mutagenic meat]
 49832 | Vaults:1 | Found Ysaxafuq's Assorted Antiques.
 49846 | Vaults:1 | Bought the +2 cloak of the Thief {+Fog Slay-2 SInv Stlth+} for 1653 gold pieces
 49860 | Vaults:1 | Identified the cursed ring "Kioneez" {EV-5 Dex+4} (You found it on level 1 of the Vaults)
 49909 | Vaults:1 | Reached skill level 20 in Axes
 50204 | Vaults:1 | Reached XP level 22. HP: 226/226 MP: 27/27
 50797 | Slime:1  | Entered Level 1 of the Pits of Slime
 50813 | Slime:1  | Noticed Donald
 50832 | Slime:1  | Killed Donald
 51011 | Slime:2  | Received a gift from Trog
 51362 | Slime:4  | Paralysed by a giant eyeball for 2 turns
 51714 | Slime:6  | Entered Level 6 of the Pits of Slime
 51894 | Slime:6  | Noticed the Royal Jelly
 51973 | Slime:6  | Killed the Royal Jelly
 51980 | Slime:5  | HP: 14/343 [azure jelly[the Royal Jelly] (6)]
 51980 | Slime:5  | HP: 4/343 [azure jelly[the Royal Jelly] (10)]
 51981 | Slime:5  | Splashed by an acid blob's acid

Skill      XL: |  1  2  3  4  5  6  7  8  9 10 11 12 13 14 15 16 17 18 19 20 21 22 |
---------------+-------------------------------------------------------------------+-----
Axes           | 4 5 6 7 9 10 11 12 13 14 15 16 17 18 19 20 | 20.2
Fighting       | 4 5 6 7 9 10 11 12 13 14 15 16 17 18 19 | 19.8
Dodging        | 3 4 5 6 7 9 10 11 12 13 14 15 16 17 18 | 18.1
Armour         | 3 4 5 6 8 10 11 12 13 14 15 16 17 18 19 | 19.2
Evocations     | 3 5 6 8 9 10 11 12 13 | 13.4
Shields        | 2 6 8 10 11 13 14 15 16 | 16.7

Action                   |  1- 3 |  4- 6 |  7- 9 | 10-12 | 13-15 | 16-18 | 19-21 | 22-24 || total
-------------------------+-------+-------+-------+-------+-------+-------+-------+-------++-------
Melee: Hand axe          |   115 |    51 |   282 |       |       |       |       |       ||   448
       Headbutt          |    19 |     8 |    64 |   127 |   244 |   426 |   238 |    54 ||  1180
       War axe           |       |       |    36 |   630 |   179 |       |       |       ||   845
       Broad axe         |       |       |       |       |   997 |  1833 |  1108 |   163 ||  4101
Invok: Berserk           |     1 |     3 |     7 |     7 |     3 |     1 |     3 |     1 ||    26
       Trog's Hand       |       |     1 |       |     2 |    13 |     4 |     5 |       ||    25
       Burn Spellbooks   |       |       |     1 |     3 |     4 |     6 |     8 |       ||    22
       Brothers in Arms  |       |       |       |       |    10 |       |     4 |       ||    14
Evoke: Fan of gales      |       |       |       |       |     2 |       |     1 |       ||     3
       Lamp of fire      |       |       |       |       |     1 |     3 |     2 |       ||     6
       Wand              |       |       |       |       |       |     2 |     6 |     2 ||    10
       Sack of spiders   |       |       |       |       |       |       |     1 |     2 ||     3
       Phial of floods   |       |       |       |       |       |       |       |     1 ||     1
  Use: Scroll            |       |       |       |       |    17 |    15 |    10 |     3 ||    45
       Potion            |       |       |       |       |       |       |     1 |       ||     1
 Stab: Distracted        |       |       |       |       |     2 |       |     1 |       ||     3
  Eat: Chunk             |     4 |     2 |    26 |    36 |    40 |    80 |    78 |     4 ||   270
       Bread ration      |       |     1 |       |       |       |       |       |       ||     1
       Fruit             |       |       |       |     1 |    11 |     1 |     3 |       ||    16
       Beef jerky        |       |       |       |       |       |       |     1 |       ||     1
Armor: Leather armour    |    42 |    17 |   102 |       |       |       |       |       ||   161
       Animal skin       |     2 |       |       |       |       |       |       |       ||     2
       Scale mail        |       |       |       |   218 |    58 |       |       |       ||   276
       Plate armour      |       |       |       |       |   409 |   559 |   279 |       ||  1247
       Ice dragon armour |       |       |       |       |       |       |    35 |    61 ||    96
Dodge: Dodged            |    82 |    20 |   167 |   308 |   364 |   520 |   323 |    91 ||  1875
Block: Other             |       |       |       |    34 |       |       |       |       ||    34
       Reflection        |       |       |       |     1 |    41 |   207 |    71 |     6 ||   326
       Buckler           |       |       |       |    17 |    33 |       |       |       ||    50
       Shield            |       |       |       |       |   636 |  1263 |   711 |   108 ||  2718
